 Seeded DCSS version 0.27-a0-1200-g94dc6ad4cf (webtiles) character file.

Game seed: 3409633873004942856 (custom seed)

99 flotson the Covert (level 4, -4/41 HPs)
             Began as a Gnoll Delver on May 30, 2021.
             Killed from afar by Sigmund (7 damage)
             ... with a magic dart
             ... on level 2 of the Dungeon.
             The game lasted 00:02:33 (2014 turns).

flotson the Covert (Gnoll Delver)                   Turns: 2014, Time: 00:02:33

Health: -4/41      AC:  5    Str: 12    XL:     4   Next: 72%
Magic:  5/5        EV: 12    Int: 10    God:
Gold:   129        SH:  0    Dex: 13    Spells: 5/5 levels left

rFire    . . .     SeeInvis .   a - +2 whip (elec)
rCold    . . .     Faith    .   (no shield)
rNeg     . . .     Spirit   .   n - +0 ring mail
rPois    .         Reflect  .   (no helmet)
rElec    .         Harm     .   (no cloak)
rCorr    .         Rampage  .   (no gloves)
Will     .....                  (no boots)
Stlth    ++++......             (no amulet)
HPRegen  0.13/turn              (no ring)
MPRegen  0.09/turn              (no ring)

@: no status effects
A: fangs 1, strong nose, distributed training
a: no special abilities


You were on level 2 of the Dungeon.
You visited 1 branch of the dungeon, and saw 5 of its levels.

You collected 129 gold pieces.

Inventory:

Hand Weapons
 a - a +2 whip of electrocution (weapon)
 b - a +0 hunting sling
 f - a +0 trident
Missiles
 i - 45 sling bullets
 m - 31 poisoned darts (quivered)
Armour
 n - a +0 ring mail (worn)
Jewellery
 l - a ring of ice
Wands
 g - a wand of digging (3)
Scrolls
 c - a scroll of fog
 d - 2 scrolls of magic mapping
 e - 2 scrolls of fear
 h - a scroll of enchant weapon {unknown}
 j - a scroll of amnesia {unknown}
 k - a scroll of brand weapon {unknown}
Potions
 o - 2 potions of lignification {unknown}


   Skills:
 + Level 6.6 Fighting
 + Level 1.2 Short Blades
 + Level 1.2 Long Blades
 + Level 1.2 Axes
 + Level 1.2 Maces & Flails
 + Level 4.7 Polearms
 + Level 1.2 Staves
 + Level 1.2 Slings
 + Level 1.2 Bows
 + Level 1.2 Crossbows
 + Level 1.2 Throwing
 + Level 1.2 Armour
 + Level 4.7 Dodging
 + Level 9.6 Stealth
 + Level 1.2 Shields
 + Level 1.2 Unarmed Combat
 + Level 1.2 Spellcasting
 + Level 1.0 Conjurations
 + Level 1.0 Hexes
 + Level 1.0 Summonings
 + Level 1.0 Necromancy
 + Level 1.0 Translocations
 + Level 1.0 Transmutations
 + Level 1.0 Fire Magic
 + Level 1.0 Ice Magic
 + Level 1.0 Air Magic
 + Level 1.0 Earth Magic
 + Level 1.0 Poison Magic
 + Level 1.3 Invocations
 + Level 1.2 Evocations


You had 5 spell levels left.
You didn't know any spells.
Your spell library contained the following spells:

 Spells                   Type           Power      Damage    Failure   Level
 Corona                   Hex            2%         N/A       45%         1
 Ensorcelled Hibernation  Hex/Ice        4%         N/A       58%         2
 Confusing Touch          Hex            2%         N/A       83%         3
 Dazzling Flash           Conj/Hex       4%         N/A       83%         3
 Tukima's Dance           Hex            2%         N/A       83%         3


Dungeon Overview and Level Annotations

Branches:
Dungeon (5/15)
 Temple: D:4-7

Altars:

Annotations:
D:2 Sigmund


Innate Abilities, Weirdness & Mutations

You have very sharp teeth.
Your uncanny sense of smell can sniff out nearby items.
Your experience applies equally to all skills.


Message History

There is an open door here.
There is an open door here.
There is an open door here.
You see here a +0 robe.
Found a robe.
m - 31 poisoned darts (gained 10)
You see here a +0 short sword.
Sigmund the Dreaded comes into view.
He is wielding a +0 scythe.
Sigmund shouts!
You see here a +0 robe.
Sigmund gestures at himself while chanting.
Sigmund flickers and vanishes!
Deactivating autopickup; reactivate with Ctrl-A.
No target in view!
No target in view!
No target in view!
No target in view!
No target in view!
No target in view!
No target in view!
No target in view!
You miss something. Your bite misses something. Something barely misses you.
You hit something. Something barely misses you.
You completely miss something. Something hits you.
You hit something. Something hits you! Something hits you.
You hit something but do no damage. Something hits you.
You hit something but do no damage. Something hits you.
You hit something but do no damage. Something completely misses you.
You hit something but do no damage. Lightning courses through something!
You hit something. Something hits you.
You miss something. Something hits you!
* * * LOW HITPOINT WARNING * * *
You closely miss something. Something hits you.
* * * LOW HITPOINT WARNING * * *
Your ring mail prevents you from hitting something.
Your bite misses something.
You hear some strange, mumbled words.
A magic dart appears from out of thin air!
The magic dart hits you!
You die...

.....♣..♣♣ #.#
...♣....♣ ♣♣
#.# .♣♣♣♣.♣♣♣
♣. ######'##
.♣ ♣♣♣ ♣.♣
#........ .♣♣
.. #........
..♣ ♣.
#........ ♣.♣
♣.♣♣ #........
♣.♣ ♣.{♣
#........ .♣♣
♣@♣ #........
♣.♣♣ ♣[♣
######'## ♣♣.♣
♣♣.♣ #######.#
♣.♣ ♣.♣♣
#.....#.# ♣.♣
♣♣.♣ #.###.#.#
♣.♣ ♣♣.♣♣ #.#
#.#.# ♣.♣ ♣).♣
######.###.#.#
♣.♣♣ ♣..♣
#..........#.#
♣♣.♣♣ ♣..♣
#.#....#####.#


There were no monsters in sight!

Vanquished Creatures
  4 gnolls
  An adder (D:3)
  An ufetubus (D:5)
  2 worms (D:2)
  A dart slug (D:1)
  5 orcs (D:3)
  3 bats
  An endoplasm (D:2)
  2 giant cockroaches
  5 goblins
  2 hobgoblins (D:2)
  A kobold (D:1)
  A quokka (D:2)
  3 ball pythons
  A frilled lizard (D:1)
  A rat (D:2)
34 creatures vanquished.

Notes
Turn   | Place    | Note
-------+----------+-------------------------------------------
     0 | D:5      | Reached skill level 9 in Stealth
     0 | D:5      | flotson the Gnoll Delver began the quest for the Orb.
     0 | D:5      | Reached XP level 1. HP: 23/23 MP: 1/1
   173 | D:3      | Reached XP level 2. HP: 25/29 MP: 2/2
   181 | D:3      | Reached XP level 3. HP: 15/35 MP: 3/3
   434 | D:3      | Reached skill level 1 in Invocations
   657 | D:2      | Reached skill level 1 in Short Blades
   657 | D:2      | Reached skill level 1 in Long Blades
   657 | D:2      | Reached skill level 1 in Axes
   657 | D:2      | Reached skill level 1 in Maces & Flails
   657 | D:2      | Reached skill level 1 in Staves
   657 | D:2      | Reached skill level 1 in Slings
   657 | D:2      | Reached skill level 1 in Bows
   657 | D:2      | Reached skill level 1 in Crossbows
   657 | D:2      | Reached skill level 1 in Throwing
   657 | D:2      | Reached skill level 1 in Armour
   657 | D:2      | Reached skill level 1 in Shields
   657 | D:2      | Reached skill level 1 in Unarmed Combat
   657 | D:2      | Reached skill level 1 in Spellcasting
   657 | D:2      | Reached skill level 1 in Evocations
   661 | D:2      | Reached XP level 4. HP: 40/41 MP: 5/5
   854 | D:1      | Found a faded altar of an unknown god.
  1580 | D:2      | Reached skill level 1 in Conjurations
  1580 | D:2      | Reached skill level 1 in Hexes
  1580 | D:2      | Reached skill level 1 in Summonings
  1580 | D:2      | Reached skill level 1 in Necromancy
  1580 | D:2      | Reached skill level 1 in Translocations
  1580 | D:2      | Reached skill level 1 in Transmutations
  1580 | D:2      | Reached skill level 1 in Fire Magic
  1580 | D:2      | Reached skill level 1 in Ice Magic
  1580 | D:2      | Reached skill level 1 in Air Magic
  1580 | D:2      | Reached skill level 1 in Earth Magic
  1580 | D:2      | Reached skill level 1 in Poison Magic
  2000 | D:2      | Noticed Sigmund
  2014 | D:2      | Killed from afar by Sigmund

Illustrated notes

Levels and vault maps discovered:
D:1:      scummos_arrival_forest, layout_loops_cross,
          hellmonk_ecumenical_altar_run_dry
D:2:      kb_forest_paths, layout_basic, uniq_sigmund
D:3:      layout_rooms, uniq_terence, uniq_crazy_yiuf_cottage, uniq_ijyb
D:4:      layout_basic, uniq_grinder
D:5:      layout_loops_cross, serial_shops,
          nicolae_shop_temple_entry_statues_fountains, st_stairs_8

Skill      XL: |  1  2  3  4 |
---------------+-------------+-----
Stealth        | |  9.6
Invocations    | 1 |  1.3
Short Blades   | 1 |  1.2
Long Blades    | 1 |  1.2
Axes           | 1 |  1.2
Maces & Flails | 1 |  1.2
Staves         | 1 |  1.2
Slings         | 1 |  1.2
Bows           | 1 |  1.2
Crossbows      | 1 |  1.2
Throwing       | 1 |  1.2
Armour         | 1 |  1.2
Shields        | 1 |  1.2
Unarmed Combat | 1 |  1.2
Spellcasting   | 1 |  1.2
Evocations     | 1 |  1.2
Conjurations   | 1 |  1.0
Hexes          | 1 |  1.0
Summonings     | 1 |  1.0
Necromancy     | 1 |  1.0
Translocations | 1 |  1.0
Transmutations | 1 |  1.0
Fire Magic     | 1 |  1.0
Ice Magic      | 1 |  1.0
Air Magic      | 1 |  1.0
Earth Magic    | 1 |  1.0
Poison Magic   | 1 |  1.0
Fighting       | |  6.6
Polearms       | |  4.7
Dodging        | |  4.7

Action                   |  1- 3 |  4- 6 || total
-------------------------+-------+-------++-------
Melee: Trident           |    14 |       ||    14
       Whip              |    21 |    56 ||    77
       Bite              |       |     6 ||     6
 Fire: Hunting sling     |       |    19 ||    19
  Use: Potion            |     1 |       ||     1
 Stab: Sleeping          |     3 |     3 ||     6
Armor: Leather armour    |     6 |       ||     6
       Scale mail        |     1 |    18 ||    19
Dodge: Dodged            |    22 |    22 ||    44

Table legend: (Time is in decaauts)
 A = Elapsed time spent in this place.
 B = Non-inter-level travel time spent in this place.
 C = Inter-level travel time spent in this place.
 D = Time resting spent in this place.
 E = Time spent auto-exploring this place.
 F = Levels seen in this place.
 G = Mean time per level.
                   A        B        C        D        E       F      G
               +--------+--------+--------+--------+--------+-----+--------+
         Total |   1997 |   1927 |     70 |      0 |   1611 |   5 |  399.4 |
       Dungeon |   1997 |   1927 |     70 |      0 |   1611 |   5 |  399.4 |
               +--------+--------+--------+--------+--------+-----+--------+

Top non-repeatable levels by time:
     D:2: 762 daAuts
     D:1: 730 daAuts
     D:3: 348 daAuts
     D:5: 144 daAuts
     D:4: 10 daAuts
